 Dungeon Crawl Stone Soup version 0.18-a0-1195-g77a4f03 (webtiles) character file.

100 Gruud the Chopper (level 4, -2/33 HPs)
             Began as a Demonspawn Gladiator on Jan 29, 2016.
             Slain by an orc wizard
             ... wielding a +0 dagger
              (5 damage)
             ... on level 3 of the Dungeon.
             The game lasted 00:04:29 (2195 turns).

Gruud the Chopper (Demonspawn Gladiator)            Turns: 2195, Time: 00:04:29

Health: -2/33      AC:  5    Str: 16    XL:     4   Next: 46%
Magic:  4/4        EV: 12    Int: 10    God:
Gold:   39         SH:  0    Dex: 13    Spells: 0 memorised, 3 levels left

rFire  . . .     SeeInvis .     a - +0 war axe
rCold  . . .     Gourm    .     b - +0 leather armour
rNeg   . . .     Faith    .     (no shield)
rPois  .         Spirit   .     c - +0 helmet
rElec  .         Dismiss  .     (no cloak)
rCorr  .         Reflect  .     (no gloves)
SustAt .         Harm     .     (no boots)
MR     .....                    (no amulet)
Stlth  +.........               (no ring)
                                (no ring)

@: drained, not resistant to hostile enchantments, very unstealthy
A: hooves 2, icy blue scales 1
a: no special abilities


You were on level 3 of the Dungeon.
You were very hungry.

You visited 1 branch of the dungeon, and saw 3 of its levels.

You collected 39 gold pieces.

Inventory:

Hand Weapons
 a - a +0 war axe (weapon)
Missiles
 d - 3 throwing nets (quivered)
Armour
 b - a +0 leather armour (worn)
 c - a +0 helmet (worn)
Scrolls
 g - a scroll of remove curse
 i - a scroll of noise
 j - a scroll of enchant armour {unknown}
 o - a scroll of teleportation
Potions
 h - a potion of cancellation {unknown}
 k - a potion of heal wounds {unknown}
Comestibles
 f - a bread ration
 m - a beef jerky


   Skills:
 - Level 2.0(1.6) Fighting
 * Level 4.8(4.4) Axes
 - Level 1.7(1.3) Throwing
 - Level 2.6(2.2) Dodging


You had 3 spell levels left.
You didn't know any spells.

Dungeon Overview and Level Annotations

Branches:
Dungeon (3/15)

Altars:
Makhleb
The Shining One


Innate Abilities, Weirdness & Mutations

You have hoof-like feet.
You are partially covered in icy blue scales (AC +1).


Message History

You're too confused to move!
Something hits you.
You closely miss something.
You feel less confused.
You hear some strange, mumbled words.
You are confused.
You hear some strange, mumbled words.
A magic dart appears from out of thin air!
The magic dart hits you!
* * * LOW HITPOINT WARNING * * *
Drink which item? (? for menu, Esc to quit)
You feel better.
Something picks up a scroll of teleportation.
You hit something but do no damage. Something hits you but does no damage.
You barely miss something.
You hear some strange, mumbled words.
A puff of flame appears from out of thin air!
The puff of flame hits you!
* * * LOW HITPOINT WARNING * * *
You miss something. You kick something. Something hits you.
You die...

.. ###. ## #... .# #.#.#.#
#.#...# #.##..#
..######@....#
.......{###.##
..#####.#...# # ##.#...# #
..#. ##.#....########## #
.#.## #................# #
..#. .#.........#####.####
...##..........# #.....##
#
##......#....######....r##


There were no monsters in sight!

Vanquished Creatures
  An orc priest (D:3)
  3 adders (D:2)
  An ooze (D:1)
  5 orcs (D:3)
  5 giant cockroaches
  5 goblins
  3 hobgoblins
  4 kobolds
  A quokka (D:2)
  2 bats (D:2)
  A giant newt (D:2)
  4 rats (D:2)
35 creatures vanquished.

Notes
Turn   | Place    | Note
--------------------------------------------------------------
     0 | D:1      | Gruud the Demonspawn Gladiator began the quest for the Orb.
     0 | D:1      | Reached XP level 1. HP: 16/16 MP: 1/1
   364 | D:2      | Reached skill level 3 in Axes
   497 | D:2      | Gained mutation: You have large cloven feet. [demonic ancestry]
   497 | D:2      | Reached XP level 2. HP: 22/22 MP: 2/2
  1101 | D:2      | Gained mutation: You are partially covered in icy blue scales (AC +1). [demonic ancestry]
  1101 | D:2      | Reached XP level 3. HP: 27/27 MP: 3/3
  1138 | D:2      | Reached skill level 4 in Axes
  1319 | D:2      | Found a glowing golden altar of the Shining One.
  1473 | D:2      | Found a burning altar of Makhleb.
  2062 | D:3      | Gained mutation: You have hoof-like feet. [demonic ancestry]
  2062 | D:3      | Reached XP level 4. HP: 17/33 MP: 4/4
  2195 | D:3      | Slain by an orc wizard

Vault maps used:
D:1:      eino_arrival_water_cross, minmay_unequal
D:2:      nicolae_overflow_hidden_temple, nicolae_tso_swordbearing_angel
D:3:      johnstein_pakellas_death_squad

Action                   |  1- 3 |  4- 6 || total
-------------------------+-------+-------++-------
Melee: War axe           |   111 |    36 ||   147
  Use: Scroll            |     6 |       ||     6
       Potion            |       |     1 ||     1
  Eat: Chunk             |     3 |       ||     3
